 Dungeon Crawl Stone Soup version 0.30-a0-210-g01b79a254e (webtiles) character file.

Game seed: 7232463056474447191

118 KennySheep the Magician (level 5, -2/39 HPs)
             Began as a Djinni Earth Elementalist on Oct 5, 2022.
             Slain by an ice beast (3 damage)
             ... on level 3 of the Dungeon.
             The game lasted 00:04:40 (1742 turns).

KennySheep the Magician (Djinni Earth Elementalist) Turns: 1742, Time: 00:04:40

Health: -2/39      AC:  3    Str:  7    XL:     5   Next: 23%
Gold:   87         EV: 12    Int: 18    God:
                   SH:  0    Dex: 14

rFire   + + .      SeeInvis .    k - +0 short sword
rCold   x . .      Faith    .    (no shield)
rNeg    . . .      Spirit   .    a - +0 robe
rPois   ∞          Reflect  .    d - +0 helmet
rElec   .          Harm     .    (no cloak)
rCorr   .          Rampage  .    (no gloves)
Will    .....                    (boots unavailable)
Stlth   ++........               (no amulet)
HPRegen 0.26/turn                (no ring)
MPRegen 0.00/turn                (no ring)

@: flying, very slightly contaminated
A: sickness immunity, fire resistance 2, cold vulnerability 1, float, innate
caster, HP casting, extra vitality 1
a: no special abilities


You were on level 3 of the Dungeon.
You visited 1 branch of the dungeon, and saw 3 of its levels.

You collected 87 gold pieces.

Inventory:

Hand Weapons
 k - a +0 short sword (weapon)
Armour
 a - a +0 robe (worn)
 d - a +0 helmet (worn)
 e - a +0 ring mail of poison resistance
Wands
 j - a wand of polymorph (5)
Scrolls
 c - a scroll of enchant weapon {unknown}
 f - a scroll of amnesia {unknown}
 g - a scroll of poison {unknown}
 l - a scroll of brand weapon {unknown}
 n - 2 scrolls of fear {unknown}
Potions
 b - a potion of brilliance {unknown}
 h - a potion of flight {unknown}
 i - 2 potions of curing {unknown}
 m - a potion of degeneration {unknown}


   Skills:
 + Level 2.3 Fighting
 - Level 2.1 Dodging
 - Level 1.5 Stealth
 * Level 3.7 Spellcasting


You couldn't memorise any spells.
You knew the following spells:

 Your Spells              Type           Power      Damage    Failure   Level
a - Sandblast             Erth           34%        2d9       3%          1
b - Passwall              Tmut/Erth      14%        N/A       4%          2
c - Stone Arrow           Conj/Erth      34%        3d9       10%         3
d - Petrify               Tmut/Erth      17%        N/A       32%         4
e - Shock                 Conj/Air       68%        1d7       3%          1
f - Ensorcelled Hibernat  Hex/Ice        34%        N/A       4%          2
Your spell library was empty.

Dungeon Overview and Level Annotations

Branches:
Dungeon (3/15)

Altars:

Annotations:
D:3 1 runed translucent door, Ijyb


Innate Abilities, Weirdness & Mutations

You are immune to sickness and miasma.
You are immune to poison.
Your flesh is very heat resistant. (rF++)
You are vulnerable to cold. (rC-)
You float through the air rather than walking.
You learn spells naturally, not from books.
Your magical power is your life essence.
You have superior vitality. (+4 MHP)


Message History

The adder attacks as you move away! The adder bites you but does no damage.
The adder closely misses you. The rat attacks as you move away!
The rat barely misses you. The adder attacks as you move away!
The adder bites you but does no damage.
Found 12 gold pieces.
The adder bites you but does no damage. The rat attacks as you move away!
The rat bites you. The adder attacks as you move away!
The adder closely misses you. The adder attacks as you move away!
The adder bites you.
* * * LOW HITPOINT WARNING * * *
The rat attacks as you move away! The rat barely misses you.
The rat attacks as you move away! The rat completely misses you.
The adder barely misses you.
Aiming: Stone Arrow (dangerous; 10% risk of failure)
Press: ? - help, Q - select action, (/) - cycle Shift-Dir - straight line, f/p - ice beast
Aim: an ice beast (moderately wounded, 68% to hit)
The stone arrow hits the adder!
You kill the adder!
* * * LOW HITPOINT WARNING * * *
Aiming: Stone Arrow (dangerous; 10% risk of failure)
Press: ? - help, Q - select action, (/) - cycle Shift-Dir - straight line, f/p - ice beast
Aim: an ice beast (moderately wounded, 68% to hit)
The stone arrow hits the ice beast!
The ice beast is severely wounded.
* * * LOW HITPOINT WARNING * * *
Aiming: Stone Arrow (dangerous; 10% risk of failure)
Press: ? - help, Q - select action, (/) - cycle Shift-Dir - straight line, f/p - ice beast
Aim: an ice beast (severely wounded, 68% to hit)
You miscast Stone Arrow.
You are very lightly contaminated with residual magic.
Nothing appears to happen.
* * * LOW HITPOINT WARNING * * *
The ice beast closely misses you.
Aiming: Stone Arrow (dangerous; 10% risk of failure)
Press: ? - help, Q - select action, (/) - cycle Shift-Dir - straight line, f/p - ice beast
Aim: an ice beast (severely wounded, 68% to hit)
The stone arrow misses the ice beast.
The stone arrow hits the hobgoblin!!
You kill the hobgoblin!
* * * LOW HITPOINT WARNING * * *
The ice beast hits you.
You die...

#......... $.# ....o....
#.. .#......... ...
.........## #.#
#..####### #.#
#....####. #.#
#.........
######.####.........
#..@Y†rg.J..........
......####............##
....# #.....)....### ###
##.........# #.........#
###########


You could see an ice beast, an endoplasm, a hobgoblin and a rat.

Vanquished Creatures
  An orc priest (D:3)
  3 gnolls
  2 adders
  3 orcs (D:2)
  A bat (D:1)
  6 endoplasms
  2 giant cockroaches
  2 goblins (D:2)
  5 hobgoblins
  3 jackals (D:2)
  4 kobolds
  4 ball pythons
  2 frilled lizards
  3 rats
41 creatures vanquished.

Vanquished Creatures (others)
  3 fungi (D:2)
  4 plants (D:2)
7 creatures vanquished.

Grand Total: 48 creatures vanquished

Notes
Turn   | Place    | Note
-------+----------+-------------------------------------------
     0 | D:1      | KennySheep the Djinni Earth Elementalist began the quest
                  | for the Orb.
     0 | D:1      | KennySheep set off with the following spells memorised:
                  | Sandblast, Passwall, Stone Arrow, Petrify.
     0 | D:1      | Reached XP level 1. HP: 15/15 MP: 0/0
   194 | D:1      | Reached XP level 2. HP: 21/22 MP: 0/0
   457 | D:1      | Reached skill level 1 in Fighting
   839 | D:2      | Found a faded altar of an unknown god.
   878 | D:2      | Reached XP level 3. HP: 26/27 MP: 0/0
   878 | D:2      | Learned a level 1 spell: Shock
   936 | D:2      | Reached skill level 3 in Spellcasting
  1368 | D:3      | Reached XP level 4. HP: 28/33 MP: 0/0
  1599 | D:3      | Reached XP level 5. HP: 22/38 MP: 0/0
  1599 | D:3      | Learned a level 2 spell: Ensorcelled Hibernation
  1711 | D:3      | Noticed an ice beast
  1717 | D:3      | Noticed Ijyb
  1718 | D:3      | Found a runed translucent door.
  1742 | D:3      | Slain by an ice beast

Illustrated notes

Levels and vault maps discovered:
D:1:      dpeg_arrival_prison, layout_loops_ring
D:2:      layout_rooms, shapermc_ecumenical_altar_mp_urbaneastern,
          grunt_decor_clamped
D:3:      layout_rooms, serial_glass, glass_columns_b, glass_columns_a,
          ebering_ghost_sewer_f, st_stairs_12, uniq_crazy_yiuf_cottage,
          uniq_ijyb

Skill      XL: |  1  2  3  4 |
---------------+-------------+-----
Fighting       | 1 2 |  2.3
Spellcasting   | 3 |  3.7
Dodging        | |  2.1
Stealth        | |  1.5

Action                   |  1- 3 |  4- 6 || total
-------------------------+-------+-------++-------
Melee: Short sword       |     5 |     1 ||     6
 Cast: Sandblast         |    46 |     9 ||    55
       Shock             |       |     4 ||     4
       Stone Arrow       |       |     4 ||     4
 Stab: Sleeping          |       |     1 ||     1
Armor: Robe              |     6 |     9 ||    15
Dodge: Dodged            |    16 |    34 ||    50

Table legend: (Time is in decaauts)
 A = Elapsed time spent in this place.
 B = Non-inter-level travel time spent in this place.
 C = Inter-level travel time spent in this place.
 D = Time resting spent in this place.
 E = Time spent auto-exploring this place.
 F = Levels seen in this place.
 G = Mean time per level.
                   A        B        C        D        E       F      G
               +--------+--------+--------+--------+--------+-----+--------+
         Total |   1770 |   1621 |    149 |    230 |   1109 |   3 |  590.0 |
       Dungeon |   1770 |   1621 |    149 |    230 |   1109 |   3 |  590.0 |
               +--------+--------+--------+--------+--------+-----+--------+

Top non-repeatable levels by time:
     D:2: 929 daAuts
     D:1: 788 daAuts
     D:3: 52 daAuts
